 Dungeon Crawl Stone Soup version 0.31-a0-795-g5eb97db20b (webtiles) character file.

Game seed: 10149637771894677303

881 Bravepunisher the Ducker (level 7, -7/41 HPs)
             Began as a Spriggan Monk on Sept 18, 2023.
             Was a Believer of Okawaru.
             Mangled by a human
             ... wielding a +0 long sword
              (13 damage)
             ... on level 7 of the Dungeon.
             The game lasted 00:13:19 (2949 turns).

Bravepunisher the Ducker (Spriggan Monk)            Turns: 2949, Time: 00:13:20

Health: -7/41      AC:  5    Str:  7    XL:     7   Next: 75%
Magic:  8/8        EV: 23    Int: 11    God:    Okawaru [**....]
Gold:   128        SH:  0    Dex: 20    Spells: 6/6 levels left

rFire   . . .        e - +3 dagger (elec)
rCold   + . .        (no shield)
rNeg    . . .        b - +0 robe
rPois   .            (helmet restricted)
rElec   .            i - +2 cloak
rCorr   .            (gloves unavailable)
SInv    +            (boots unavailable)
Will    +....        k - amulet of the acrobat
Stlth   +            l - ring of protection from cold
HPRegen 0.26/turn    (no ring)
MPRegen 0.11/turn

%: acrobat
@: confused, ambrosia-drunk, very quick
A: very small, no large weapons, unfitting armour, see invisible, speed 3
a: Renounce Religion, Heroism


You were on level 7 of the Dungeon.
You worshipped Okawaru.
Okawaru was pleased with you.
You visited 1 branch of the dungeon, and saw 7 of its levels.

You collected 128 gold pieces.

Inventory:

Hand Weapons
 e - a +3 dagger of electrocution (weapon)
Armour
 b - a +0 robe (worn)
 d - an orb of light
 i - a +2 cloak (worn)
Jewellery
 k - an amulet of the acrobat (around neck)
 l - a ring of protection from cold (left hand)
 m - the ring of Attitude {rC+ rN+}
   (You found it on level 6 of the Dungeon)

   [ring of positive energy]

   rC+:       It protects you from cold.
   rN+:       It protects you from negative energy.
 p - the ring of Mirth {rF+ rC+ Will+ Str-4 Dex+6}
   (You found it on level 6 of the Dungeon)

   [ring of protection from fire]

   Str-4:     It affects your strength (-4).
   Dex+6:     It affects your dexterity (+6).
   rF+:       It protects you from fire.
   rC+:       It protects you from cold.
   Will+:     It increases your willpower.
Scrolls
 h - a scroll of poison
 j - 2 scrolls of identify
 o - a scroll of fog {unknown}
 q - a scroll of fear {unknown}
Potions
 f - a potion of might
 g - a potion of heal wounds
 n - 2 potions of enlightenment {unknown}
 r - a potion of mutation {unknown}


   Skills:
 * Level 6.5 Fighting
 - Level 3.2 Short Blades
 + Level 7.8 Dodging
 + Level 0.0 Invocations


You had 6 spell levels left.
You didn't know any spells.
Your spell library contained the following spells:

 Spells                   Type           Power      Damage    Failure   Level
 Dimensional Bullseye     Hex/Tloc       0%         N/A       98%         4
 Iskenderun's Mystic Bla  Conj/Tloc      0%         2d3       98%         4
 Alistair's Intoxication  Tmut/Pois      0%         N/A       100%        5
 Borgnjor's Vile Clutch   Necr/Erth      0%         N/A       100%        5
 Eringya's Noxious Bog    Tmut/Pois      0%         4d6       100%        6
 Tukima's Dance           Hex            Unusable   N/A       N/A         3

Dungeon Overview and Level Annotations

Branches:
Dungeon (7/15)
 Temple: D:4-7

Altars:
Fedhas
Okawaru
Uskayaw

Shops:
D:3 :   D:5 *

Annotations:
D:4 Eustachio
D:5 1 runed translucent door, patchburns1's ghost, amateur HOFi
D:6 Edmund; Jeremiah


Innate Abilities, Weirdness & Mutations

You are very small and have problems with some larger weapons.
You are too small for most types of armour.
You have supernaturally acute eyesight. (SInv)
You cover ground extremely quickly. (Speed+++)


Message History

The wyvern hisses menacingly.
The wyvern attacks as it pursues you! The wyvern completely misses you.
The wyvern attacks as it pursues you! The wyvern completely misses you.
The wyvern attacks as it pursues you! The wyvern completely misses you.
Found a ring mail.
Found an iron altar of Okawaru. 2 humans come into view.
The human shouts! x2
The human completely misses you. x2
There is an iron altar of Okawaru here.
You kneel at the altar of Okawaru.
Okawaru welcomes you!
You can now gain great but temporary skills.
The human misses you. The human completely misses you.
As you read the scroll labelled XAV FAOZAOTI, it crumbles to dust.
You feel aware of your surroundings.
It was a scroll of revelation.
The human hits you with a +0 long sword.
The human hits you with a +0 long sword!
Unknown command.
Press < or > to pray at altars.
You are confused.
You feel invigorated.
The human hits you with a +0 long sword!
The human completely misses you. The wyvern closely misses you.
It was a potion of heal wounds.
You feel much better. The wyvern closely misses you.
The wyvern completely misses you. The human misses you.
The human barely misses you. The wyvern completely misses you. x2
You are too confused!
You hit the human. Lightning courses through the human!
The human is heavily wounded.
The human closely misses you. The human completely misses you.
The wyvern bites you! x2
Unknown command.
Press < or > to pray at altars.
You're too confused to move!
The wyvern bites you!
* * * LOW HITPOINT WARNING * * *
The wyvern barely misses you. The human hits you but does no damage.
The human hits you with a +0 long sword!
You die...

##...#o.o....##...(#
#####...$#..........##.#
##.............######..#
#....#..........#####...
#.....J............(....
#..######ooo............
##.#8...#o##F###........
##.###p.#.##F##.........
##....l@#o#####..##...##
##.###pl#F####....#.###.
##.#8...#.###..##..<##..
##.######.###.#*#...##..
##..o.....###.# ##..###.
###.....[.....# #####..
############### #..
############### ##. *##


You could see 2 humans and 2 wyverns.

Vanquished Creatures
  Menkaure (D:6)
  A kobold brigand (D:7)
  A scorpion (D:5)
  A killer bee (D:6)
  2 orc priests
  2 hounds
  5 iguanas
  Natasha (D:4)
  4 orc wizards
  4 gnolls (D:5)
  9 adders
  A river rat (D:5)
  A shadow imp (D:6)
  A white imp (D:7)
  An ufetubus (D:7)
  17 orcs
  3 endoplasms
  3 giant cockroaches (D:5)
  A goblin (D:1)
  2 hobgoblins (D:4)
  6 ball pythons
  A bat (D:3)
  A frilled lizard (D:1)
  7 kobolds
  4 rats
80 creatures vanquished.

Notes
Turn   | Place    | Note
-------+----------+-------------------------------------------
     0 | D:1      | Bravepunisher the Spriggan Monk began the quest for the
                  | Orb.
     0 | D:1      | Reached XP level 1. HP: 11/11 MP: 2/2
   144 | D:3      | Found Orrazoe's Book Boutique.
   191 | D:3      | Reached XP level 2. HP: 13/16 MP: 3/3
   203 | D:3      | Found a faded altar of an unknown god.
   246 | D:3      | Reached XP level 3. HP: 20/20 MP: 4/4
   374 | D:4      | Noticed Eustachio
   517 | D:5      | Entered Level 5 of the Dungeon
   517 | D:5      | Found a blossoming altar of Fedhas.
   586 | D:5      | Found a hide-covered altar of Uskayaw.
   604 | D:5      | Reached skill level 5 in Dodging
   604 | D:5      | Reached XP level 4. HP: 24/25 MP: 5/5
   671 | D:4      | Reached XP level 5. HP: 23/29 MP: 6/6
   762 | D:4      | Noticed Natasha
   859 | D:6      | Noticed a water moccasin
   860 | D:6      | Noticed a sky beast
   952 | D:5      | Reached skill level 6 in Dodging
   989 | D:5      | Found a runed translucent door.
   989 | D:5      | Noticed patchburns1's ghost (amateur HOFi)
   997 | D:5      | Found Jobuppoj's General Store.
  1009 | D:5      | Reached XP level 6. HP: 35/35 MP: 7/7
  1196 | D:7      | Noticed a red ugly thing
  1196 | D:7      | Noticed a yak
  1196 | D:7      | Noticed a boulder beetle
  1196 | D:7      | Noticed a gargoyle
  1196 | D:7      | Noticed a two-headed ogre
  1197 | D:7      | Noticed a slime creature
  1197 | D:7      | Noticed an acid dragon
  1197 | D:7      | Noticed a troll
  1218 | D:7      | Reached skill level 5 in Fighting
  1228 | D:7      | Noticed an ice beast
  1228 | D:7      | Noticed an ice beast
  1232 | D:7      | Noticed a wyvern
  1246 | D:6      | Noticed an orc warrior
  1259 | D:6      | Noticed Menkaure
  1267 | D:6      | Identified the ring of Attitude {rC+ rN+}
  1290 | D:6      | Noticed Edmund
  1801 | D:5      | Reached XP level 7. HP: 39/39 MP: 8/8
  2014 | D:5      | Reached skill level 7 in Dodging
  2297 | D:4      | Killed Natasha
  2445 | D:6      | Noticed Jeremiah
  2626 | D:6      | Killed Menkaure
  2629 | D:6      | Identified the ring of Mirth {rF+ rC+ Will+ Str-4 Dex+6}
  2826 | D:7      | Noticed a steam dragon
  2881 | D:7      | Noticed a wyvern
  2938 | D:7      | Found an iron altar of Okawaru.
  2940 | D:7      | Noticed a human
  2940 | D:7      | Noticed a human
  2944 | D:7      | Became a worshipper of Warmaster Okawaru
  2944 | D:7      | Reached * piety under Okawaru
  2944 | D:7      | Reached ** piety under Okawaru
  2949 | D:7      | Mangled by a human

Illustrated notes

Levels and vault maps discovered:
D:1:      minmay_arrival_three_doors, layout_loops_corners, glass_columns_b,
          minmay_nonomino_d4
D:2:      layout_basic, basic_altar
D:3:      layout_loops_cross, serial_shops, shop,
          nicolae_ecumenical_snake_handling, minmay_misc_feat_enclosed,
          nicolae_underground_beach
D:4:      layout_basic, minmay_temple_entry_fiery, uniq_natasha, uniq_eustachio
D:5:      layout_loops_ring, lemuel_crystal_altar, mainiacjoe_overflow_paths,
          portal_sewer_entry_e, gammafunk_ghost_grave, serial_shops,
          nicolae_shop_tiny_statue_garden
D:6:      layout_loops_ring, uniq_jeremiah, uniq_edmund, uniq_menkaure
D:7:      minmay_the_grid_octo_2x2 [minmay_the_grid_octo_clover_2,
          minmay_the_grid_octo_concentric, minmay_the_grid_octo_horde,
          minmay_the_grid_octo_prize_square_snowflake], layout_cave_pools,
          okawaru_humans

Skill      XL: |  1  2  3  4  5  6  7 |
---------------+----------------------+-----
Fighting       | 3 4 5 6 |  6.5
Dodging        | 5 6 7 |  7.8
Short Blades   | |  3.2

Action                     |  1- 3 |  4- 6 |  7- 9 || total
---------------------------+-------+-------+-------++-------
  Melee: Dagger            |    48 |   130 |   104 ||   282
         Short sword       |     2 |       |       ||     2
         Punch             |       |       |     1 ||     1
    Use: Scroll            |       |       |     7 ||     7
         Potion            |       |       |     2 ||     2
   Stab: Sleeping          |     1 |     2 |       ||     3
 Armour: Robe              |     9 |    25 |    35 ||    69
  Dodge: Dodged            |    21 |    98 |   120 ||   239

Table legend: (Time is in decaauts)
 A = Elapsed time spent in this place.
 B = Non-inter-level travel time spent in this place.
 C = Inter-level travel time spent in this place.
 D = Time resting spent in this place.
 E = Time spent auto-exploring this place.
 F = Levels seen in this place.
 G = Mean time per level.
                   A        B        C        D        E       F      G
               +--------+--------+--------+--------+--------+-----+--------+
         Total |   2081 |   1996 |     85 |     35 |   1072 |   7 |  297.3 |
       Dungeon |   2081 |   1996 |     85 |     35 |   1072 |   7 |  297.3 |
               +--------+--------+--------+--------+--------+-----+--------+

Top non-repeatable levels by time:
     D:5: 921 daAuts
     D:4: 395 daAuts
     D:6: 346 daAuts
     D:3: 183 daAuts
     D:7: 157 daAuts
     D:2: 48 daAuts
     D:1: 28 daAuts
